 Dungeon Crawl Stone Soup version 0.30-a0-782-ge64f9170bb (webtiles) character file.

Game seed: 526986221217324186

35331 DEFE the Protected (level 13, 0/91 HPs)
             Began as a Demonspawn Wanderer on Feb 21, 2023.
             Was an Elder of Ru.
             Slain by a yak (3 damage)
             ... on level 3 of the Lair of Beasts.
             The game lasted 00:23:29 (18027 turns).

DEFE the Protected (Demonspawn Wanderer)           Turns: 18027, Time: 00:23:30

Health: 0/91       AC: 23    Str: 16    XL:     13   Next: 47%
Magic:  11/11      EV:  6    Int: 12    God:    Ru [****..]
Gold:   3140       SH:  9    Dex: 14    Spells: 12/12 levels left

rFire   + + +      SeeInvis +      - Unarmed
rCold   + . .      Faith    .    (no shield)
rNeg    . . .      Spirit   .    V - +0 plate armour
rPois   +          Reflect  +    (no helmet)
rElec   .          Harm     .    (no cloak)
rCorr   .          Rampage  .    (gloves unavailable)
Will    .....                    k - +1 pair of boots Stlth
                                 y - amulet of reflection
HPRegen 0.35/turn                B - ring "Buleggiku" {rPois rF+++ Str-4 Slay+2 SInv}
MPRegen 0.12/turn                I - ring of protection from cold

@: studying 2 skills
A: thin skeletal structure 1, icemail 1, low MP 1, no stealth, inability to use
devices, hated by all, condensation shield, demonic touch 3
a: Renounce Religion, Draw Out Power, Power Leap


You were on level 3 of the Lair of Beasts.
You worshipped Ru.
Ru was greatly pleased with you.
You visited 3 branches of the dungeon, and saw 16 of its levels.
You also visited: Bailey.

You collected 3140 gold pieces.

Inventory:

Hand Weapons
 a - a +3 sling
Missiles
 t - a throwing net
 M - 6 javelins
 Q - 4 curare-tipped darts
 U - 4 silver javelins
Armour
 b - a +1 robe of cold resistance
 k - a +1 pair of boots (worn)
 D - a +0 chain mail
 F - a +0 chain mail
 H - +0 swamp dragon scales
 N - a +1 leather armour of willpower
 R - a +0 troll leather armour
 V - a +0 plate armour (worn)
Magical Staves
 x - a staff of cold
Jewellery
 f - an amulet of guardian spirit
 j - a +6 ring of dexterity
 y - an amulet of reflection (around neck)
 B - the ring "Buleggiku" (left hand) {rPois rF+++ Str-4 Slay+2 SInv}
   (You acquired it on level 2 of the Lair of Beasts)

   [ring of see invisible]

   Str:       It affects your strength (-4).
   Slay:      It affects your accuracy & damage with ranged weapons and melee
   (+2).
   rF:        It renders you almost immune to fire.
   rPois:     It protects you from poison.
   SInv:      It lets you see invisible.
 I - a ring of protection from cold (right hand)
 S - a ring of positive energy
Wands
 o - a wand of mindburst (17)
 v - a wand of flame (43)
Scrolls
 i - 5 scrolls of amnesia
 l - 2 scrolls of enchant armour
 p - a scroll of poison
 u - 4 scrolls of teleportation
 A - a scroll of enchant weapon
 G - 2 scrolls of fog
 K - a scroll of magic mapping
 L - a scroll of immolation
 T - a scroll of vulnerability
 W - a scroll of brand weapon
Potions
 c - 4 potions of haste
 d - a potion of might
 e - a potion of degeneration
 g - 2 potions of magic
 h - 3 potions of berserk rage
 m - a potion of ambrosia
 n - 2 potions of cancellation
 r - 3 potions of mutation
 s - 2 potions of invisibility
 w - 3 potions of lignification
 z - a potion of curing
 C - 3 potions of heal wounds {unknown}
 E - 4 potions of attraction {unknown}
 J - 4 potions of flight


   Skills:
 - Level 5.0 Fighting
 - Level 1.7 Polearms
 - Level 4.0 Ranged Weapons
 + Level 9.9 Throwing
 + Level 14.3 Armour
   Level 0.0 Stealth
 + Level 13.6 Unarmed Combat
   Level 0.0 Evocations


You had 12 spell levels left.
You didn't know any spells.
Your spell library contained the following spells:

 Spells                   Type           Power      Damage    Failure   Level
 Kiss of Death            Conj/Necr      0%         2d5       100%        1
 Cigotuvi's Dreadful Rot  Necr/Pois/Air  0%         N/A       100%        2
 Static Discharge         Conj/Air       0%         2-2/arc   100%        2
 Confusing Touch          Hex            0%         N/A       100%        3
 Frozen Ramparts          Ice            0%         1d1       100%        3
 Vhi's Electric Charge    Tloc/Air       0%         N/A       100%        3
 Dispel Undead            Necr           0%         3d6       100%        4
 Ice Form                 Ice/Tmut       0%         N/A       100%        4
 Arcjolt                  Conj/Air       0%         1d10      100%        5
 Lightning Bolt           Conj/Air       0%         1d11      100%        5
 Summon Ice Beast         Ice/Summ       Unusable   N/A       N/A         4
 Death Channel            Necr           Unusable   N/A       N/A         6

Dungeon Overview and Level Annotations

Branches:
Dungeon (11/15)            Temple (1/1) D:5            Lair (4/5) D:9
 Shoals (0/4) Lair:3        Snake (0/4) Lair:2          Orc (0/2) D:11
 Bailey (visited)
  Slime: Lair:4-5

Altars:
Ashenzari
Cheibriados
Dithmenos
Gozag
Kikubaaqudgha
Makhleb
Nemelex Xobeh
Okawaru
Qazlal
Ru
Sif Muna
Trog
Uskayaw
Vehumet
Wu Jian
Xom

Shops:
D:9 (

Annotations:
D:3 2 transporters
Lair:2 Gastronok
Lair:3 exclusion: oklob plant


Innate Abilities, Weirdness & Mutations

You have a somewhat thin skeletal structure. (Dex +2, Stealth+)
A meltable icy envelope protects you from harm. (AC +4)
Your magical capacity is low. (-10% MP)
You cannot be stealthy.
You cannot study or use magical devices.
You are hated by all.
A meltable shield of frost defends you. (SH +4)
Your touch may irresistibly damage your foes and sap their willpower.


Message History

The death yak gores you! x2
The yak is stunned by your conviction and fails to attack.
The yak gores you but does no damage. The death yak gores you!
The skyshark bites you!
The skyshark tastes blood and grows stronger!
The skyshark tail-slaps you but does no damage.
There is a stone staircase leading up, spattered with blood here.
You take 49 damage, and have 42/91 hp.
MASSIVE DAMAGE!!
Unknown command.
The skyshark bites you!!
* * * LOW HITPOINT WARNING * * *
The skyshark enters a blood-rage!
The skyshark tail-slaps you.
* * * LOW HITPOINT WARNING * * *
The yak gores you but does no damage. You block the death yak's attack.
The death yak gores you but does no damage.
The yak is stunned by your conviction and fails to attack.
You block the death yak's attack. The yak completely misses you.
The death yak gores you!
* * * LOW HITPOINT WARNING * * *
You climb upwards.
Level annotation: exclusion: oklob plant
There is a stone staircase leading down, spattered with blood here.
Unknown command.
You take 40 damage, and have 2/91 hp.
MASSIVE DAMAGE!!
Unknown command.
Unknown command.
Unknown command.
Unknown command.
Unknown command.
Unknown command.
Blink to where?
As you read the scroll of blinking, it crumbles to dust.
As you read the scroll of teleportation, it crumbles to dust.
You feel strangely unstable.
Unknown command.
Your surroundings seem slightly different.
The yak gores you.
You die...

##.~~.>.#~.....##
###....#.....#
...~~..~~..P...#
#.....#.....##
.?~~##~###.Y...#
###.........#
##~##~..#Y~YY..#
##......###
#~.~~...~.....##
#......##
#.....#...#....##
#####.<#
#...............#
#...##
#...#.......>†..##
##...#
#....#.###Pl#...@####
#÷#.# # ##...###
#####.Y..P.# ##...# #
#P...# #.Y....#
#....#### ##...##
##.....#####....#÷..
#....##
###................
###...##
#.................
#..}.##
###....§..........
#...#.###
######..#...###.
##......# ####..###..


You could see 4 death yaks and 2 yaks.

Vanquished Creatures
  Kirke (Lair:3)
  3 hydras
  A boulder beetle (Lair:3)
  9 death yaks
  Sonja (D:10)
  A skyshark (Lair:2)
  2 ugly things
  A cyclops (D:11)
  A black mamba (Lair:1)
  6 elephants (Lair:2)
  Maggie (D:8)
  A torpor snail (Lair:2)
  9 cane toads
  8 komodo dragons
  A rime drake (D:9)
  2 trolls (D:10)
  A hornet (D:8)
  A polar bear (Lair:3)
  Prince Ribbit (D:5)
  14 blink frogs
  3 shadows
  4 wyverns
  26 yaks
  A wraith (D:11)
  5 humans (Lair:3)
  2 basilisks (Lair:1)
  A hog (Lair:3)
  Menkaure (D:6)
  2 nagas (Lair:2)
  A vampire mosquito (D:11)
  An acid dragon (D:9)
  5 water moccasins
  Duvessa (D:6)
  A sky beast (D:8)
  11 orc warriors
  4 ice beasts
  A black bear (D:6)
  4 centaurs
  2 phantoms (D:7)
  19 wolves
  A kobold brigand (D:7)
  Blork the orc (D:5)
  11 bullfrogs
  A necrophage (D:5)
  A gnoll sergeant (D:9)
  4 scorpions
  3 wights (D:6)
  A troll zombie (D:11)
  4 killer bees (D:10)
  2 howler monkeys (D:7)
  An electric eel (Lair:3)
  4 orc priests
  A gnoll bouda (D:6)
  2 iguanas
  6 orc wizards
  3 ogre zombies (D:11)
  11 adders
  11 gnolls
  A white imp (D:7)
  An ufetubus (D:6)
  A worm (D:5)
  A dart slug (D:4)
  43 orcs
  2 bats
  6 endoplasms
  5 giant cockroaches
  14 goblins
  7 hobgoblins
  4 jackals (D:1)
  2 quokkas (D:1)
  7 ball pythons
  A goblin skeleton (D:11)
  2 goblin zombies (D:11)
  2 hobgoblin skeletons (D:11)
  A hobgoblin zombie (D:11)
  14 kobolds
  An orc skeleton (D:11)
  10 orc zombies (D:11)
  6 rats (D:1)
359 creatures vanquished.

Vanquished Creatures (collateral kills)
  A water moccasin (D:7)
  An ice beast (D:6)
  2 wights (D:6)
  Dowan (D:6)
  A gnoll bouda (D:7)
  3 gnolls (D:6)
  A white imp (D:6)
10 creatures vanquished.

Vanquished Creatures (others)
  A death yak (Lair:3)
  A cane toad (Lair:3)
  A bullfrog (Lair:1)
  2 wights (D:6)
  An ogre zombie (D:11)
  A gnoll (D:9)
  An orc (D:9)
  3 bushes (Lair:3)
  25 fungi
  29 plants
65 creatures vanquished.

Grand Total: 434 creatures vanquished

Notes
Turn   | Place    | Note
-------+----------+-------------------------------------------
     0 | D:1      | DEFE the Demonspawn Wanderer began the quest for the Orb.
     0 | D:1      | DEFE set off with the following items: a +3 sling, a +0
                  | spear, a potion of haste, a +0 leather armour.
     0 | D:1      | Reached XP level 1. HP: 21/21 MP: 1/1
   134 | D:1      | Gained mutation: Your touch may inflict minor irresistible
                  | damage on your foes. [demonic ancestry]
   134 | D:1      | Reached XP level 2. HP: 27/27 MP: 2/2
   511 | D:1      | Reached skill level 1 in Unarmed Combat
   678 | D:1      | Reached XP level 3. HP: 33/33 MP: 3/3
  1277 | D:2      | Reached XP level 4. HP: 39/39 MP: 4/4
  1620 | D:3      | Found an ornate altar of the Wu Jian Council.
  1622 | D:3      | Noticed a black bear
  1624 | D:3      | Noticed a sky beast
  1626 | D:3      | Found a transporter.
  1764 | D:3      | Found a transporter.
  1849 | D:3      | Reached skill level 1 in Evocations
  2208 | D:3      | Found a faded altar of an unknown god.
  2382 | D:4      | Gained mutation: A meltable shield of frost defends you.
                  | (SH +4) [demonic ancestry]
  2382 | D:4      | Reached XP level 5. HP: 18/44 MP: 5/5
  2575 | D:4      | HP: 2/44 [poisoned by a scorpion]
  2866 | D:4      | Found a blossoming altar of Fedhas.
  3249 | D:5      | Entered Level 5 of the Dungeon
  3261 | D:5      | Reached XP level 6. HP: 51/51 MP: 6/6
  3434 | D:5      | HP: 2/51 [poisoned by a scorpion]
  3435 | D:5      | Noticed an ice beast
  3446 | D:5      | Killed an ice beast
  3590 | D:5      | Noticed Blork the orc
  3595 | D:5      | Killed Blork the orc
  3596 | D:5      | Gained mutation: You have a somewhat thin skeletal
                  | structure. (Dex +2, Stealth+) [demonic ancestry]
  3596 | D:5      | Reached XP level 7. HP: 48/56 MP: 7/7
  3631 | D:5      | Noticed Prince Ribbit
  3788 | D:5      | Killed Prince Ribbit
  3789 | D:5      | Reached skill level 5 in Unarmed Combat
  4388 | D:5      | Found a staircase to the Ecumenical Temple.
  4413 | D:5      | Reached skill level 5 in Evocations
  4464 | Temple   | Entered the Ecumenical Temple
  4464 | Temple   | Found a transporter.
  4464 | Temple   | Found a transporter.
  4466 | Temple   | Found a transporter.
  4466 | Temple   | Found a transporter.
  4505 | Temple   | Became a worshipper of Ru the Awakened
  4908 | D:6      | Noticed Menkaure
  4918 | D:6      | Gained mutation: A meltable icy envelope protects you from
                  | harm. (AC +4) [demonic ancestry]
  4918 | D:6      | Reached XP level 8. HP: 58/62 MP: 8/8
  4934 | D:6      | Killed Menkaure
  5561 | D:6      | Noticed Duvessa
  5561 | D:6      | Noticed Dowan
  5576 | D:6      | Killed Dowan
  5577 | D:6      | Reached skill level 1 in Armour
  5580 | D:6      | Killed Duvessa
  5581 | D:6      | Gained mutation: Your touch may inflict irresistible damage
                  | on your foes. [demonic ancestry]
  5581 | D:6      | Reached XP level 9. HP: 68/68 MP: 9/9
  5795 | D:7      | Reached skill level 2 in Armour
  6232 | D:7      | Identified 6 scrolls of acquirement
  6599 | D:8      | Reached skill level 3 in Armour
  6841 | D:8      | Noticed Maggie
  6847 | D:8      | Killed Maggie
  6851 | D:8      | Reached skill level 4 in Armour
  6963 | D:8      | Found a flagged portal.
  6992 | Bailey   | Entered a bailey
  7014 | Bailey   | Acquired 1366 gold pieces
  7016 | Bailey   | Acquired 541 gold pieces
  7018 | Bailey   | Gained mutation: You cannot study or use magical devices.
                  | [Ru sacrifice]
  7018 | Bailey   | Reached * piety under Ru
  7018 | Bailey   | Reached ** piety under Ru
  7268 | Bailey   | Reached XP level 10. HP: 52/74 MP: 10/10
  7349 | Bailey   | Reached skill level 5 in Armour
  7461 | Bailey   | Acquired a manual of Throwing
  8188 | D:9      | Reached skill level 1 in Stealth
  8391 | D:9      | Found a staircase to the Lair.
  8441 | D:9      | Reached skill level 6 in Armour
  8555 | D:9      | Found a sparkling altar of Nemelex Xobeh.
  8686 | D:9      | Found Cybbat's Weapon Shop.
  8720 | D:9      | Noticed a green ugly thing
  8739 | D:9      | Killed a green ugly thing
  9344 | D:9      | Identified the +1 pair of gloves of Hosi {rElec rN+}
  9496 | D:10     | Entered Level 10 of the Dungeon
  9670 | D:10     | Noticed Sonja
  9676 | D:10     | Killed Sonja
  9843 | D:10     | Reached skill level 10 in Unarmed Combat
  9873 | D:10     | Gained mutation: You cannot be stealthy. [Ru sacrifice]
  9873 | D:10     | Reached *** piety under Ru
 10113 | D:10     | Reached XP level 11. HP: 75/79 MP: 11/11
 10179 | D:10     | Reached skill level 7 in Armour
 10408 | D:11     | Noticed a red ugly thing
 10421 | D:11     | Killed a red ugly thing
 10635 | D:11     | Found a staircase to the Orcish Mines.
 11059 | D:11     | Noticed a two-headed ogre
 11059 | D:11     | Noticed a boulder beetle
 11260 | Lair:1   | Entered Level 1 of the Lair of Beasts
 11585 | Lair:1   | Reached skill level 8 in Armour
 11590 | Lair:1   | HP: 3/79 [cane toad (11)]
 11800 | Lair:1   | Acquired a manual of Armour
 11802 | Lair:1   | Acquired a manual of Earth Magic
 12301 | Lair:1   | Reached skill level 9 in Armour
 13083 | Lair:2   | Noticed Gastronok
 13263 | Lair:2   | Noticed a seven-headed hydra
 13525 | Lair:2   | Acquired the ring "Buleggiku" {rPois rF+++ Str-4 Slay+2
                  | SInv}
 13570 | Lair:2   | Noticed a death yak
 13585 | Lair:2   | Noticed a death yak
 13598 | Lair:1   | Killed a death yak
 13868 | Lair:2   | Noticed a skyshark
 13881 | Lair:2   | Reached skill level 10 in Armour
 13889 | Lair:2   | Gained mutation: You are hated by all. [Ru sacrifice]
 13889 | Lair:2   | Reached **** piety under Ru
 14371 | Lair:2   | Reached skill level 1 in Throwing
 14371 | Lair:2   | Reached XP level 12. HP: 81/86 MP: 12/12
 14405 | Lair:2   | Killed a seven-headed hydra
 14406 | Lair:2   | Reached skill level 11 in Armour
 14734 | Lair:2   | Killed a death yak
 15082 | Lair:2   | Reached skill level 5 in Throwing
 15160 | Lair:2   | Found a staircase to the Snake Pit.
 15489 | Lair:3   | Reached skill level 12 in Armour
 15606 | Lair:3   | Noticed a boulder beetle
 15619 | Lair:3   | Killed a boulder beetle
 15626 | Lair:3   | Found a staircase to the Shoals.
 15995 | Lair:3   | Noticed a four-headed hydra
 16008 | Lair:3   | Killed a four-headed hydra
 16104 | Lair:3   | Reached skill level 13 in Armour
 16106 | Lair:3   | Noticed a four-headed hydra
 16123 | Lair:3   | Killed a four-headed hydra
 16225 | Lair:3   | Noticed a death yak
 16226 | Lair:3   | Noticed a death yak
 16226 | Lair:3   | Noticed a death yak
 16261 | Lair:3   | Killed a death yak
 16387 | Lair:3   | Noticed a death yak
 16387 | Lair:3   | Noticed a death yak
 16402 | Lair:3   | Noticed a death yak
 16418 | Lair:3   | Killed a death yak
 16419 | Lair:3   | Gained mutation: Your touch may irresistibly damage your
                  | foes and sap their willpower. [demonic ancestry]
 16419 | Lair:3   | Reached XP level 13. HP: 41/88 MP: 13/13
 16813 | Lair:3   | Noticed Kirke
 16818 | Lair:3   | Noticed a sphinx
 16844 | Lair:3   | Killed Kirke
 17275 | Lair:3   | Reached skill level 14 in Armour
 17796 | Lair:3   | Gained mutation: Your magical capacity is low. (-10% MP)
                  | [Ru sacrifice]
 18021 | Lair:4   | HP: 1/91 [death yak (14)]
 18027 | Lair:3   | Slain by a yak

Illustrated notes

Levels and vault maps discovered:
D:1:      psy_arrival_heroes, layout_basic, hangedman_feature_mirror,
          minmay_tetromino_l4
D:2:      layout_rooms, minmay_misc_feat_rows, chequers_serial_rivers_micro_b
D:3:      layout_loops_corners, gammafunk_temple_overflow_arena,
          ebering_ecumenical_altar_sacrificial, kennysheep_donut
D:4:      layout_gridville, fedhas_altar_2
D:5:      nicolae_cairo_tiling_large_dashed, layout_basic,
          minmay_temple_entry_nine_rooms, uniq_blork_the_orc,
          uniq_prince_ribbit1
D:6:      layout_loops_cross, uniq_menkaure, uniq_duvessa
D:7:      layout_cave_pods, serial_bayou_pond_a,
          nicolae_concentric_dashed_squares_mild
D:8:      layout_basic, enter_bailey_5, uniq_maggie
D:9:      layout_basic, overflow_temple_1_default, hellmonk_lair_entry_icy,
          serial_shops, kennysheep_mini_moat
D:10:     layout_roguey [special_room_orc], uniq_sonja
D:11:     layout_cave_pods, zombieorc1_lemuel, st_stairs_5
Temple:   hellmonk_temple_divided_pantheon
Lair:1:   layout_roguey, serial_bayou_shore_b
Lair:2:   layout_long_grid, guppyfry_snake_entry_island, uniq_gastronok
Lair:3:   minmay_lair_oklob_chamber, layout_concentric_octagons,
          elwin_shoals_entry_rocks, nicolae_quartered_pool_impasse,
          serial_bayou_shore_b, uniq_kirke
Lair:4:   regret_index_wax_grids, layout_cave_shapes, lemuel_fruit_tree

Skill      XL: |  1  2  3  4  5  6  7  8  9 10 11 12 13 |
---------------+----------------------------------------+-----
Ranged Weapons | 3 4 |  4.0
Unarmed Combat | 1 2 3 4 5 7 8 10 11 13 | 13.6
Evocations     | 1 2 4 5 7 0 |  0.0
Armour         | 1 4 6 10 13 14 | 14.3
Stealth        | 0 |  0.0
Throwing       | 1 8 9 |  9.9
Fighting       | |  5.0
Polearms       | |  1.7

Action                     |  1- 3 |  4- 6 |  7- 9 | 10-12 | 13-15 || total
---------------------------+-------+-------+-------+-------+-------++-------
  Melee: Unarmed           |       |    22 |   232 |   798 |   222 ||  1274
         Touch             |       |     4 |    49 |   165 |    62 ||   280
         Spear             |       |     3 |       |       |       ||     3
         Punch             |       |     1 |    15 |    67 |    30 ||   113
   Fire: Sling             |   101 |   103 |       |       |       ||   204
  Throw: Dart              |       |       |       |     6 |     3 ||     9
 Invoke: Sacrifice Artific |       |       |     1 |       |       ||     1
         Sacrifice Stealth |       |       |       |     1 |       ||     1
         Draw Out Power    |       |       |       |     4 |     1 ||     5
         Sacrifice Love    |       |       |       |     1 |       ||     1
         Sacrifice Essence |       |       |       |       |     1 ||     1
  Evoke: Wand              |       |     4 |    17 |       |       ||    21
    Use: Scroll            |       |     5 |     8 |    11 |    10 ||    34
         Potion            |       |     6 |       |     1 |       ||     7
   Stab: Sleeping          |       |       |     1 |       |       ||     1
         Distracted        |       |       |       |     3 |     3 ||     6
         Invisible         |       |       |       |     4 |       ||     4
 Armour: Leather armour    |    13 |    19 |    19 |       |       ||    51
         Scale mail        |       |       |     4 |       |       ||     4
         Chain mail        |       |       |    39 |     2 |       ||    41
         Swamp dragon scal |       |       |    32 |   117 |       ||   149
         Plate armour      |       |       |       |   162 |   104 ||   266
  Dodge: Dodged            |    29 |    47 |    84 |   182 |    53 ||   395
  Block: Other             |       |     7 |   105 |   281 |    89 ||   482
         Reflection        |       |       |    21 |     5 |       ||    26

Table legend: (Time is in decaauts)
 A = Elapsed time spent in this place.
 B = Non-inter-level travel time spent in this place.
 C = Inter-level travel time spent in this place.
 D = Time resting spent in this place.
 E = Time spent auto-exploring this place.
 F = Levels seen in this place.
 G = Mean time per level.
                   A        B        C        D        E       F      G
               +--------+--------+--------+--------+--------+-----+--------+
         Total |  17909 |  17296 |    613 |   5711 |   8466 |  17 | 1053.5 |
       Dungeon |  10688 |  10292 |    396 |   2254 |   6389 |  11 |  971.6 |
        Temple |     58 |     43 |     15 |      0 |      0 |   1 |   58.0 |
          Lair |   6555 |   6353 |    202 |   3201 |   1951 |   4 | 1638.8 |
        Bailey |    607 |    607 |      0 |    256 |    125 |   1 |  607.0 |
               +--------+--------+--------+--------+--------+-----+--------+

Top non-repeatable levels by time:
  Lair:3: 2537 daAuts
  Lair:1: 2245 daAuts
  Lair:2: 1730 daAuts
     D:5: 1500 daAuts
     D:9: 1469 daAuts
    D:10: 1099 daAuts
     D:1: 968 daAuts
     D:4: 940 daAuts
     D:8: 911 daAuts
     D:6: 879 daAuts
     D:7: 873 daAuts
     D:3: 787 daAuts
    D:11: 651 daAuts
  Bailey: 607 daAuts
     D:2: 606 daAuts
